 Dungeon Crawl Stone Soup version 0.30-a0-748-ge6a52f7cba (webtiles) character file.

Game seed: 1187562463589162570

1621 Darius099 the Cleaver (level 8, -4/99 HPs)
             Began as a Minotaur Fighter on Feb 9, 2023.
             Engulfed by a steam dragon's steam (6 damage)
             ... on level 9 of the Dungeon.
             The game lasted 00:16:24 (5052 turns).

Darius099 the Cleaver (Minotaur Fighter)            Turns: 5052, Time: 00:16:25

Health: -4/99      AC: 24    Str: 20 (23) XL:     8   Next: 64%
Magic:  7/7        EV:  2    Int:  4 (5)  God:
Gold:   289        SH:  4    Dex:  7 (10) Spells: 7/7 levels left

rFire   . . .      SeeInvis .    a - +0 war axe
rCold   . . .      Faith    .    c - +0 buckler
rNeg    . . .      Spirit   .    (body armour currently unavailable)
rPois   +          Reflect  .    (helmet currently unavailable)
rElec   .          Harm     .    (cloak currently unavailable)
rCorr   .          Rampage  .    (gloves currently unavailable)
Will    .....      NoTele   +    (boots currently unavailable)
Stlth   +                        (no amulet)
HPRegen 0.36/turn                (no ring)
MPRegen 0.10/turn                (no ring)

@: tree-form
A: stationary, stasis, torment immunity, boosted hp, (horns 2), (retaliatory
headbutt)
a: no special abilities


You were on level 9 of the Dungeon.
You were a tree.
You visited 2 branches of the dungeon, and saw 8 of its levels.
You also visited: Ossuary.

You collected 289 gold pieces.

Inventory:

Hand Weapons
 a - a +0 war axe (weapon)
Missiles
 t - 27 stones (quivered)
Armour
 c - a +0 buckler (worn)
 l - a +2 pair of gloves (melded)
 q - a +0 cloak of stealth (melded)
 w - a +0 chain mail (melded)
 z - the -1 pair of boots "Ephehuy" (melded) {Will+ Slay+2}
   (You found it on level 5 of the Dungeon)

   Slay:      It affects your accuracy & damage with ranged weapons and melee
   (+2).
   Will:      It increases your willpower.
Wands
 A - a wand of digging (4)
 C - a wand of flame (4)
Scrolls
 e - a scroll of summoning {unknown}
 g - 8 scrolls of identify {unknown}
 h - 5 scrolls of immolation {unknown}
 j - 2 scrolls of enchant armour {unknown}
 k - 8 scrolls of teleportation {unknown}
 r - a scroll of vulnerability {unknown}
 u - 4 scrolls of noise {unknown}
 x - a scroll of magic mapping {unknown}
 y - a scroll of amnesia {unknown}
 B - a scroll of fear {unknown}
 D - a scroll of enchant weapon {unknown}
Potions
 b - 2 potions of brilliance {unknown}
 d - 3 potions of might
 f - a potion of resistance {unknown}
 i - 5 potions of flight
 m - a potion of mutation {unknown}
 n - 7 potions of curing
 o - a potion of degeneration
 p - a potion of heal wounds {unknown}
 s - 2 potions of lignification
 v - a potion of magic {unknown}
 E - a potion of invisibility {unknown}


   Skills:
 - Level 4.0 Fighting
 + Level 12.8 Axes
 - Level 4.0 Armour
 - Level 4.1 Shields


You had 7 spell levels left.
You didn't know any spells.
Your spell library contained the following spells:

 Spells                   Type           Power      Damage    Failure   Level
 Foxfire                  Conj/Fire      0%         2x1d4     58%         1
 Leda's Liquefaction      Hex/Erth       0%         N/A       100%        4
 Fireball                 Conj/Fire      0%         3d3       100%        5
 Lee's Rapid Deconstruct  Erth           0%         3d4*      100%        5
 Starburst                Conj/Fire      0%         6d3       100%        6
 Statue Form              Tmut/Erth      0%         N/A       100%        6


Dungeon Overview and Level Annotations

Branches:
Dungeon (6/15)             Temple (1/1) D:6            Lair (0/5) D:9
Ossuary (visited)

Altars:
Ashenzari
Cheibriados
Dithmenos
Elyvilon
Gozag
Hepliaklqana
Makhleb
Qazlal
Sif Muna
Trog
Uskayaw
Wu Jian
Xom
Yredelemnul
Zin
The Shining One

Shops:
D:4 ?*


Innate Abilities, Weirdness & Mutations

You are a tree.
Your roots penetrate the ground, keeping you stationary.
You cannot be teleported.
You are immune to unholy pain and torment.
Your maximum health is greatly increased.
Your equipment is partially melded.
((You have a pair of horns on your head.))
((You reflexively headbutt those who attack you in melee.))


Message History

* * * LOW HITPOINT WARNING * * *
Found a shimmering blue altar of Sif Muna.
The wyvern is engulfed in a cloud of scalding steam.
You block the wyvern's attack.
The orc wizard points at you and mumbles some strange words.
The magic dart hits you but does no damage.
It was a potion of curing.
You feel better.
The wyvern is engulfed in a cloud of scalding steam.
The wyvern bites you.
* * * LOW HITPOINT WARNING * * *
The orc wizard mumbles some strange words.
The orc wizard flickers and vanishes!
Deactivating autopickup; reactivate with Ctrl-A.
The black bear is engulfed in a cloud of scalding steam.
It was a potion of flight.
You feel very buoyant.
You fly up into the air.
The wyvern barely misses you. You furiously retaliate!
You headbutt the wyvern, but do no damage.
A bullfrog comes into view.
The steam dragon breathes steam at you. The ball of steam hits you!
* * * LOW HITPOINT WARNING * * *
The wyvern barely misses you. You furiously retaliate!
You headbutt the wyvern!
You kill the wyvern!
Okay, then.
It was a potion of lignification.
You turn into a tree.
Your +0 cloak of stealth melds into your body.
Your +2 pair of gloves melds into your body.
The -1 pair of boots "Ephehuy" {Will+ Slay+2} melds into your body.
Your +0 chain mail melds into your body.
You feel less stealthy.
Your roots penetrate the ground.
You are engulfed in a cloud of scalding steam.
The black bear bites you.
* * * LOW HITPOINT WARNING * * *
The black bear claws you but does no damage. x2
It was a potion of degeneration.
There was something very wrong with that liquid.
You feel weakened.
You feel dopey.
You feel clumsy.
You are engulfed in a cloud of scalding steam.
You die...

................#
................#
................#
................#
...........!...?#
..........D.....##
.........o§.......
.....oo.Yh♣..F.≈≈≈
########h#####.≈§≈
#.# ...°
###Y#####.≈§§
#......?$.≈☼≈
#...........
#..h.$....#.
#.........#
+.........#


You could see a yak, a steam dragon, a black bear, a bullfrog, a howler monkey,
an orc wizard and 2 orcs.

Vanquished Creatures
  Sigmund (D:2)
  A wyvern (D:9)
  A black bear (D:6)
  An ogre (D:5)
  2 bullfrogs
  2 necrophages
  A water moccasin zombie (Ossuary)
  2 scorpions (D:4)
  3 bullfrog zombies (Ossuary)
  4 centaur zombies (Ossuary)
  A jelly (D:4)
  Crazy Yiuf (D:2)
  A hound (D:5)
  Jessica (D:2)
  6 iguanas
  2 orc wizards (D:4)
  An ogre zombie (Ossuary)
  A mummy (Ossuary)
  A gnoll (D:1)
  5 adders
  A shadow imp (D:5)
  An ufetubus (D:5)
  2 adder zombies (Ossuary)
  4 worms
  A dart slug (D:1)
  8 orcs
  5 ball pythons
  2 bats
  3 endoplasms
  9 giant cockroaches
  9 goblins
  3 hobgoblins
  15 jackals
  4 quokkas
  3 frilled lizards (D:2)
  A gnoll zombie (Ossuary)
  6 goblin zombies (Ossuary)
  3 hobgoblin zombies (Ossuary)
  6 kobolds
  3 orc zombies (Ossuary)
  9 rats
136 creatures vanquished.

Notes
Turn   | Place    | Note
-------+----------+-------------------------------------------
     0 | D:1      | Darius099 the Minotaur Fighter began the quest for the Orb.
     0 | D:1      | Reached XP level 1. HP: 19/19 MP: 0/0
   114 | D:1      | Reached XP level 2. HP: 25/27 MP: 1/1
   457 | D:1      | Reached skill level 3 in Axes
   457 | D:1      | Reached XP level 3. HP: 22/33 MP: 2/2
  1094 | D:2      | Noticed Sigmund
  1110 | D:2      | Killed Sigmund
  1111 | D:2      | Reached skill level 6 in Axes
  1111 | D:2      | Reached XP level 4. HP: 18/40 MP: 3/3
  1111 | D:2      | Reached XP level 5. HP: 21/46 MP: 4/4
  1536 | D:2      | Found a runed translucent door.
  1536 | D:2      | Noticed Jessica
  1536 | D:2      | Noticed Crazy Yiuf
  1693 | D:2      | Killed Crazy Yiuf
  1694 | D:2      | Killed Jessica
  1695 | D:2      | Reached skill level 7 in Axes
  1695 | D:2      | Reached XP level 6. HP: 52/52 MP: 5/5
  2611 | D:4      | Found Anorozinn's Magic Scroll Emporium.
  2670 | D:4      | Reached skill level 8 in Axes
  2823 | D:4      | Found Jacigaok's General Store.
  2872 | D:4      | Reached XP level 7. HP: 57/59 MP: 6/6
  2923 | D:4      | Reached skill level 9 in Axes
  3757 | D:5      | Entered Level 5 of the Dungeon
  3779 | D:5      | Reached skill level 10 in Axes
  4074 | D:5      | Identified the -1 pair of boots "Ephehuy" {Will+ Slay+2}
  4101 | D:5      | Found a bloodstained altar of Trog.
  4473 | D:6      | Reached skill level 11 in Axes
  4473 | D:6      | Reached XP level 8. HP: 62/66 MP: 7/7
  4473 | D:6      | Found a staircase to the Ecumenical Temple.
  4491 | Temple   | Entered the Ecumenical Temple
  4603 | D:6      | Found the +8 trident of the Octopus King {venom, rElec
                  | rPois}
  4722 | D:6      | Found a sand-covered staircase.
  4762 | Ossuary  | Entered an ossuary
  4853 | Ossuary  | Reached skill level 12 in Axes
  4900 | Ossuary  | Noticed a silent spectre
  5028 | D:6      | You fall into a shaft and drop 3 floors!
  5032 | D:9      | Found a staircase to the Lair.
  5048 | D:9      | Found a shimmering blue altar of Sif Muna.
  5050 | D:9      | HP: 3/66 [something/ball of steam (9)]
  5052 | D:9      | Engulfed by a steam dragon's steam

Illustrated notes

Levels and vault maps discovered:
D:1:      elethiomel_arrival_quiet, layout_basic
D:2:      layout_loops_ring, uniq_crazy_yiuf_cottage, uniq_sigmund, uniq_jessica
D:3:      minmay_wonky_spiral, layout_basic
D:4:      layout_loops_corners, serial_shops, shop_fountains, chequers_avenue,
          nicolae_take_the_stairs
D:5:      layout_rooms, kennysheep_mini
D:6:      layout_loops_ring, nicolae_ru_great_annihilating_truth,
          minmay_temple_entry_sparse_star, nicolae_ossuary_entry_ruins
D:9:      layout_basic, mainiacjoe_overflow_cross_hatched,
          nicolae_sif_muna_condensation, david_lair_generic
Temple:   jpeg_temple_clearing

Skill      XL: |  1  2  3  4  5  6  7  8 |
---------------+-------------------------+-----
Shields        | 4 |  4.1
Armour         | 4 |  4.0
Fighting       | 4 |  4.0
Axes           | 3 6 7 8 11 12 | 12.8

Action                     |  1- 3 |  4- 6 |  7- 9 || total
---------------------------+-------+-------+-------++-------
  Melee: War axe           |    72 |   106 |   151 ||   329
         Headbutt          |     5 |    12 |    28 ||    45
    Use: Potion            |       |       |     4 ||     4
 Armour: Scale mail        |    35 |    43 |       ||    78
         Chain mail        |       |     8 |    84 ||    92
         Skin              |       |       |     3 ||     3
  Dodge: Dodged            |    39 |    47 |    49 ||   135
  Block: Buckler           |    16 |    18 |    35 ||    69

Table legend: (Time is in decaauts)
 A = Elapsed time spent in this place.
 B = Non-inter-level travel time spent in this place.
 C = Inter-level travel time spent in this place.
 D = Time resting spent in this place.
 E = Time spent auto-exploring this place.
 F = Levels seen in this place.
 G = Mean time per level.
                   A        B        C        D        E       F      G
               +--------+--------+--------+--------+--------+-----+--------+
         Total |   5102 |   4879 |    223 |    285 |   3119 |   9 |  566.9 |
       Dungeon |   4840 |   4617 |    223 |    282 |   3064 |   7 |  691.4 |
        Temple |     87 |     87 |      0 |      0 |     55 |   1 |   87.0 |
       Ossuary |    175 |    175 |      0 |      3 |      0 |   1 |  175.0 |
               +--------+--------+--------+--------+--------+-----+--------+

Top non-repeatable levels by time:
     D:4: 1319 daAuts
     D:1: 937 daAuts
     D:2: 821 daAuts
     D:3: 757 daAuts
     D:5: 686 daAuts
     D:6: 294 daAuts
 Ossuary: 175 daAuts
  Temple: 87 daAuts
     D:9: 23 daAuts
